cohdb
Replays
Latest Replays
All Replays
Popular Replays
Top Player Replays
Match Explorer
How It Works
Community
CoH3 Stats
Reddit
Sign in to upload your games and track your stats! →
Sign in with Steam
Match 46577873
Unlisted
Match 46577873
Overview
Messages
Build Orders
End
Construct Barracks
Selects Airborne Battlegroup
Selects Heavy Machine Gun Paradrop
Heavy Machine Gun Paradrop
Riflemen Squad
Riflemen Squad
Riflemen Squad
Selects Paratrooper Squad Paradrop
Paratrooper Squad Paradrop
Infantry Support Center
Construct Medical Station
M1918 Browning Automatic Rifles
Selects Anti-tank Gun Team Paradrop
Anti-tank Gun Team Paradrop
Ra11
MatioS
Zbirga
Dirkradix
Prime
Valieriumborn
raven182
Deutsche Eiche
0
0
Comments
sign in to comment!
No comments posted yet!